 Dungeon Crawl Stone Soup version 0.29.0-4-gdea44cf6ec (webtiles) character file.

Game seed: 3891212748989988384

261 qw the Chopper (level 6, -1/35 HPs)
             Began as a Tengu Warper on Aug 28, 2022.
             Slain by a gnoll
             ... wielding a +0 club
             ... led by a gnoll bouda
              (4 damage)
             ... on level 5 of the Dungeon.
             The game lasted 00:00:24 (4331 turns).

qw the Chopper (Tengu Warper)                       Turns: 4331, Time: 00:00:25

Health: -1/35      AC:  9    Str: 10    XL:     6   Next: 18%
Magic:  10/10      EV:  4    Int: 12    God:
Gold:   189        SH:  9    Dex: 18    Spells: 9/9 levels left

rFire   . . .      SeeInvis .   Y - +1 hand axe
rCold   . . .      Faith    .   q - +0 kite shield
rNeg    . . .      Spirit   .   j - +0 chain mail
rPois   +          Reflect  .   (helmet restricted)
rElec   .          Harm     .   p - +0 cloak
rCorr   +          Rampage  .   (no gloves)
Will    .....                   (boots unavailable)
Stlth   ..........              (no amulet)
HPRegen 0.11/turn               a - ring of resist corrosion
MPRegen 0.12/turn               o - ring of poison resistance

@: about to teleport, flying quickly and evasively, quick
A: beak, talons 3, nimble flight, agile 1, screaming 1, weak 1
a: no special abilities


You were on level 5 of the Dungeon.
You visited 1 branch of the dungeon, and saw 5 of its levels.

You collected 189 gold pieces.


Innate Abilities, Weirdness & Mutations

You have a beak for a mouth.
You have claws for feet.
Your magical nature lets you fly swiftly and evasively.
You are agile. (Dex +4, Str/Int -1)
You occasionally shout uncontrollably at your foes.
You are weak. (Str -2)


   Skills:
 - Level 2.0 Fighting
 - Level 5.9 Axes
 - Level 1.0 Throwing
 - Level 1.1 Armour
 - Level 2.1 Dodging
 + Level 2.9 Shields
 - Level 2.0 Spellcasting
 - Level 2.4 Translocations


You had 9 spell levels left.
You didn't know any spells.
Your spell library contained the following spells:

 Spells                   Type           Power      Damage    Failure   Level
 Blink                    Tloc           12%        N/A       100%        2
 Gell's Gravitas          Tloc           6%         N/A       100%        3
 Lesser Beckoning         Tloc           6%         N/A       100%        3
 Teleport Other           Tloc           6%         N/A       100%        3
 Manifold Assault         Tloc           6%         N/A       100%        5

Inventory:

Hand Weapons
 s - a +0 whip
 Y - a +1 hand axe (weapon)
Armour
 j - a +0 chain mail (worn)
 p - a +0 cloak (worn)
 q - a +0 kite shield (worn)
Jewellery
 a - a ring of resist corrosion (left hand)
 f - a ring of fire
 o - a ring of poison resistance (right hand)
Scrolls
 c - a scroll of identify
 l - a scroll of teleportation
Potions
 b - a potion of might
 e - 2 potions of mutation
 h - a potion of resistance {unknown}
 i - 3 potions of heal wounds
 m - a potion of ambrosia {unknown}
 n - a potion of attraction {unknown}
 r - a potion of curing {unknown}

Dungeon Overview and Level Annotations

Branches:
Dungeon (5/15)
 Temple: D:4-7

Altars:
Cheibriados

Shops:
D:3 (

Annotations:
D:2 1 runed translucent door, Crazy Yiuf


Message History

You hit the phantom. You hit the gnoll.
You feel a little less mighty now.
Your attacks no longer feel as feeble.
You block the gnoll's attack. The phantom hits you.
The phantom blinks!
You blink.
You have reached level 6!
You hit the phantom. You claw the phantom. You peck the phantom.
The phantom is heavily damaged.
You closely miss the gnoll. You block the phantom's attack.
The gnoll hits you with a +0 club.
The phantom hits you but does no damage.
You slash the phantom! Your kick misses the phantom.
The phantom is almost destroyed.
You barely miss the gnoll. You hit the gnoll.
The phantom completely misses you.
You hit the phantom. You claw the phantom, but do no damage.
You peck the phantom, but do no damage.
The phantom is almost destroyed.
You completely miss the gnoll. You closely miss the gnoll. You hit the gnoll.
You block the gnoll's attack. x2; The gnoll hits you but does no damage.
The phantom hits you but does no damage.
The gnoll barely misses you.
You barely miss the phantom.
The phantom is almost destroyed.
You closely miss the gnoll. You hit the gnoll. x2
You block the gnoll's attack. The gnoll hits you but does no damage.
The phantom barely misses you. You block the gnoll's attack.
The gnoll hits you with a +0 club.
You completely miss the phantom. You claw the phantom.
Your peck misses the phantom.
The phantom is almost destroyed.
You hit the gnoll. x2
You kill the gnoll!
You hit the gnoll. The phantom barely misses you. The gnoll barely misses you.
The gnoll hits you with a +0 club.
4331 ||| READING 2 scrolls of teleportation.
As you read the scroll of teleportation, it crumbles to dust.
You feel strangely unstable. You block the phantom's attack.
The gnoll hits you with a +0 club.
You die...

.... ...#
####..##..#
#......#<.#
#.........#
######....#
#..)))..#
#.......#
#.....)g#
#...<.W@#
#......g#
.....#..#
##.......#
... ....#
## ######


You could see a phantom and 2 gnolls.

Vanquished Creatures
  A gnoll bouda (D:5)
  An iron imp (D:4)
  3 gnolls (D:5)
  9 adders
  3 worms (D:2)
  12 endoplasms
  3 giant cockroaches
  6 goblins
  11 hobgoblins
  5 jackals
  6 kobolds
  2 quokkas
  6 ball pythons
  9 bats
  6 frilled lizards
  4 rats
87 creatures vanquished.

Notes
Turn   | Place    | Note
-------+----------+-------------------------------------------
     0 | D:1      | qw the Tengu Warper began the quest for the Orb.
     0 | D:1      | Reached XP level 1. HP: 12/12 MP: 4/4
     0 | D:1      | 0 ||| qw: Version: 0.1-a-89-g26bdef1
     0 | D:1      | 0 ||| qw: Game counter: 479
     0 | D:1      | 0 ||| qw: Always use a shield: true
     0 | D:1      | 0 ||| qw: God list: Okawaru
     0 | D:1      | 0 ||| qw: Allow faded altars: false
     0 | D:1      | 0 ||| qw: Do Orc after D:15 true
     0 | D:1      | 0 ||| qw: Do second Lair branch before Depths: true
     0 | D:1      | 0 ||| qw: Lair rune preference: random
     0 | D:1      | 0 ||| qw: Plans: Normal
     0 | D:1      | 0 ||| PLANNING D:1-11
    38 | D:1      | Found a faded altar of an unknown god.
    51 | D:1      | 51 ||| Stepping ~*~*~tactically~*~*~ (stealth).
   109 | D:1      | 109 ||| Stepping ~*~*~tactically~*~*~ (stealth).
   117 | D:1      | Reached XP level 2. HP: 17/17 MP: 6/6
   138 | D:1      | Reached skill level 3 in Axes
   825 | D:1      | Reached XP level 3. HP: 21/21 MP: 7/7
   857 | D:1      | 857 ||| READING scroll labelled MOTWAVVYECI.
   857 | D:1      | Identified a scroll of acquirement
   857 | D:1      | 857 ||| ACQUIRING ring of resist corrosion
   857 | D:1      | Acquired a ring of resist corrosion
   859 | D:1      | 859 ||| UPGRADING to ring of resist corrosion.
   860 | D:1      | 860 ||| READING scroll labelled HIBULA OZXEN.
   861 | D:1      | 861 ||| READING scroll labelled HOEKOP BAUPH.
   862 | D:1      | 862 ||| READING scroll labelled BAINAE OCWEDIC.
   863 | D:1      | 863 ||| DRINKING 2 inky potions.
   864 | D:1      | 864 ||| DRINKING 2 emerald potions.
   864 | D:1      | Gained mutation: You have hidden genetic defects. [potion
                  | of mutation]
   864 | D:1      | Gained mutation: You are agile. (Dex +4, Str/Int -1)
                  | [potion of mutation]
   865 | D:1      | 865 ||| DROPPING scroll of blinking.
  1029 | D:2      | Reached skill level 4 in Axes
  1035 | D:2      | Gained mutation: You occasionally shout uncontrollably at
                  | your foes. [hidden defects]
  1159 | D:2      | Gained mutation: You are weak. (Str -2) [hidden defects]
  1159 | D:2      | Lost mutation: You have hidden genetic defects. [hidden
                  | defects expressed]
  1577 | D:2      | Reached XP level 4. HP: 25/26 MP: 8/8
  1606 | D:2      | HP: 5/26 [worm (9)]
  1607 | D:2      | 1607 ||| DRINKING potion of heal wounds.
  1609 | D:2      | Reached skill level 5 in Axes
  1770 | D:2      | 1770 ||| Stepping ~*~*~tactically~*~*~ (stealth).
  1772 | D:2      | 1772 ||| Stepping ~*~*~tactically~*~*~ (stealth).
  1925 | D:2      | 1925 ||| Stepping ~*~*~tactically~*~*~ (stealth).
  1927 | D:2      | 1927 ||| Stepping ~*~*~tactically~*~*~ (stealth).
  1929 | D:2      | 1929 ||| Stepping ~*~*~tactically~*~*~ (stealth).
  1967 | D:2      | Found a runed translucent door.
  1968 | D:2      | Noticed Crazy Yiuf
  2309 | D:2      | 2309 ||| UPGRADING to +0 ring mail.
  2319 | D:2      | 2319 ||| DROPPING +0 leather armour.
  2320 | D:2      | 2320 ||| UPGRADING to ring of poison resistance.
  2321 | D:2      | 2321 ||| READING scroll labelled MUH QUGORUJA.
  2322 | D:2      | 2322 ||| READING scroll labelled GIQAOS SUBBIQ.
  2715 | D:3      | Found Qomnimog's Antique Weapon Shoppe.
  2723 | D:3      | 2723 ||| SHOPLISTING glowing morningstar (147 gold, have
                  | 98).
  2748 | D:3      | 2748 ||| Stepping ~*~*~tactically~*~*~ (stealth).
  2750 | D:3      | 2750 ||| Stepping ~*~*~tactically~*~*~ (stealth).
  2913 | D:3      | Gained mutation: Your magical nature lets you fly swiftly
                  | and evasively. [Tengu growth]
  2913 | D:3      | Reached XP level 5. HP: 30/30 MP: 9/9
  3616 | D:3      | 3616 ||| UPGRADING to +0 cloak.
  3621 | D:3      | 3621 ||| UPGRADING to +0 kite shield.
  3626 | D:3      | 3626 ||| READING scroll labelled LONUBLIERU.
  3627 | D:3      | 3627 ||| DRINKING 3 yellow potions.
  3628 | D:3      | 3628 ||| DROPPING 2 potions of flight.
  3828 | D:4      | 3828 ||| Stepping ~*~*~tactically~*~*~ (stealth).
  3845 | D:4      | Found a snail-covered altar of Cheibriados.
  3853 | D:4      | 3853 ||| Stepping ~*~*~tactically~*~*~ (stealth).
  3854 | D:4      | 3854 ||| Stepping ~*~*~tactically~*~*~ (stealth).
  3871 | D:4      | Reached skill level 1 in Shields
  4019 | D:4      | 4019 ||| DROPPING +0 club.
  4273 | D:4      | 4273 ||| UPGRADING to +0 chain mail.
  4283 | D:4      | 4283 ||| DROPPING +0 ring mail.
  4284 | D:4      | 4284 ||| DRINKING 2 grey potions.
  4285 | D:4      | 4285 ||| READING 2 scrolls of identify.
  4285 | D:4      | 4285 ||| IDENTIFYING bubbling inky potion
  4286 | D:4      | 4286 ||| DROPPING potion of lignification.
  4318 | D:5      | Entered Level 5 of the Dungeon
  4318 | D:5      | Noticed a phantom
  4326 | D:5      | Reached XP level 6. HP: 10/35 MP: 10/10
  4330 | D:5      | HP: 3/35 [gnoll/+0 club[a gnoll bouda] (6)]
  4331 | D:5      | 4331 ||| READING 2 scrolls of teleportation.
  4331 | D:5      | Slain by a gnoll

Levels and vault maps discovered:
D:1:      scummos_arrival_star, layout_basic, basic_ecumenical_altar,
          minmay_misc_feat_alley
D:2:      minmay_wonky_spiral, layout_basic, serial_bayou_pond_e,
          uniq_crazy_yiuf_cottage
D:3:      minmay_chambers_of_twos, layout_basic, serial_shops, shop
D:4:      layout_rooms, slow_altar_1
D:5:      nicolae_cairo_tiling, layout_basic, serial_curves, eino_curves_04,
          eino_curves_03

Skill      XL: |  1  2  3  4  5 |
---------------+----------------+-----
Axes           | 3 4 5 |  5.9
Shields        | 2 |  2.9
Fighting       | |  2.0
Throwing       | |  1.0
Armour         | |  1.1
Dodging        | |  2.1
Spellcasting   | |  2.0
Translocations | |  2.4

Action                   |  1- 3 |  4- 6 || total
-------------------------+-------+-------++-------
Melee: Hand axe          |    87 |   148 ||   235
       Kick              |    22 |    33 ||    55
       Peck              |     9 |    18 ||    27
Throw: Boomerang         |     7 |       ||     7
  Use: Scroll            |     4 |     5 ||     9
       Potion            |     2 |     3 ||     5
Armor: Leather armour    |    24 |     6 ||    30
       Ring mail         |       |    31 ||    31
       Chain mail        |       |     8 ||     8
Dodge: Dodged            |    46 |    71 ||   117
Block: Kite shield       |       |    20 ||    20

Table legend:
 A = Non-vault XP
 B = Vault XP
 C = Vault XP percentage of total XP
 D = Non-vault monster count
 E = Vault monster count
 F = Vault count percentage of total count
                 A         B        C        D         E       F
            +---------+---------+-------+---------+---------+-------
      Total |     283 |      91 |  24.3 |      73 |      14 |  16.1
            +---------+---------+-------+---------+---------+-------
        D:1 |      34 |       0 |   0.0 |      22 |       0 |   0.0
        D:2 |      65 |      36 |  35.6 |      22 |       5 |  18.5
        D:3 |      67 |      16 |  19.3 |      13 |       8 |  38.1
        D:4 |      32 |      39 |  54.9 |      12 |       1 |   7.7
        D:5 |      85 |       0 |   0.0 |       4 |       0 |   0.0
            +---------+---------+-------+---------+---------+-------
